 Dungeon Sprint DCSS version 0.17-a0-2002-g92c7e20 (webtiles) character file.

58738 Kidiri the Unseen (level 13, -16/55 HPs)
             Began as a Spriggan Enchanter on Oct 9, 2015.
             Was the Champion of Dithmenos.
             Killed from afar by an orc sorcerer (26 damage)
             ... with a bolt of fire
             ... in the Dungeon (Sprint III: "The Ten Rune Challenge").
             The game lasted 00:23:56 (4491 turns).

Kidiri the Unseen (Spriggan Enchanter)              Turns: 4491, Time: 00:23:56

Health: -16/55     AC:  8    Str:  6    XL:     13   Next: 22%
Magic:  22/34      EV: 36    Int: 18    God:    Dithmenos [******]
Gold:   56         SH:  0    Dex: 18    Spells: 9 memorised, 15 levels left

rFire  . . .     SeeInvis +     l - +0 dagger (venom)
rCold  + . .     Clarity  .     m - +2 robe {MR+}
rNeg   . . .     SustAt   .     (shield restricted)
rPois  .         Gourm    .     b - +2 hat {MR+}
rElec  .         Spirit   .     o - +0 cloak
rCorr  .         Warding  .     (gloves unavailable)
rMut   .         NoTele   +     (boots unavailable)
MR     ++++.                    (no amulet)
Stlth  ++++++++++               (no ring)
                                (no ring)

@: wreathed by umbra, very quick, incredibly resistant to hostile enchantments,
uncannily stealthy
A: unfitting armour, repulsion field 1, see invisible, cold resistance 1, dopey
1, herbivore 3, speed 3, slow metabolism 2, strong 1, MP-powered wands
a: Shadow Step, Shadow Form, Renounce Religion
}: 2/10 runes: serpentine, barnacled


You were in the Dungeon.
You worshipped Dithmenos.
Dithmenos was exalted by your worship.
You were not hungry.

You visited 1 branch You collected 56 gold pieces.

Inventory:

Hand Weapons
 l - a +0 dagger of venom (weapon)
Armour
 b - a +2 hat of magic resistance (worn)
 m - a +2 robe of magic resistance (worn)
 o - a +0 cloak (worn)
Wands
 k - a wand of digging (4)
Scrolls
 j - a scroll of blinking
 q - 2 scrolls of holy word {unknown}
 w - a scroll of remove curse
Potions
 e - 2 potions of curing
 f - a potion of brilliance {unknown}
 g - 2 potions of haste
 i - a potion of berserk rage
 u - 4 potions of cure mutation
 v - 3 potions of might
 x - 2 potions of flight
Comestibles
 a - 27 royal jellies
 d - a bread ration
 t - 8 fruits


   Skills:
 * Level 14.7 Short Blades
 + Level 7.9 Armour
 * Level 18.5 Dodging
 * Level 20.1 Stealth
 * Level 16.2 Spellcasting
 + Level 7.5 Conjurations
 + Level 12.5 Hexes
 + Level 11.1 Charms
 + Level 12.4 Translocations
 + Level 8.4 Ice Magic
 - Level 2.8 Invocations


You had 15 spell levels left.
You knew the following spells:

 Your Spells              Type           Power        Failure   Level  Hunger
a - Corona                Hex            ######.      1%          1    None
b - Ensorcelled Hibernat  Hex/Ice        ######       1%          2    None
c - Confuse               Hex            ######..     1%          3    None
d - Tukima's Dance        Hex            ######..     1%          3    None
e - Dazzling Spray        Conj/Hex       ######..     1%          3    None
f - Gell's Gravitas       Hex/Tloc       ######....   1%          3    None
g - Force Lance           Conj/Tloc      ######..     1%          4    None
h - Phase Shift           Tloc           ######....   1%          5    ###....
i - Warp Weapon           Chrm/Tloc      ######....   1%          5    ###....


Dungeon Overview and Level Annotations

Branches:
Dungeon (1/1)

Altars:
Cheibriados
Dithmenos
Elyvilon
Fedhas
Gozag
Kikubaaqudgha
Makhleb
Nemelex Xobeh
Okawaru
Qazlal
Ru
Sif Muna
Trog
Vehumet
Xom
Yredelemnul
Zin
The Shining One
Jiyva
Lugonu

Shops:
D !:[:%(=

Annotations:
D Ilsuiw


Innate Abilities, Weirdness & Mutations

You are tiny and cannot use many weapons and most armour.
You have supernaturally acute eyesight.
You are a herbivore.
You cover ground extremely quickly.
You need consume almost no food.
You are surrounded by a mild repulsion field (EV +2).
Your flesh is cold resistant.
You are dopey. (Int -2)
Your muscles are strong. (Str +2)
You expend magic power (3 MP) to strengthen your wands.


Message History

Something hits the orc warrior!
The orc warrior dies!
Dithmenos accepts your kill.
You hear a distant "Zot"!
Casting: Dazzling Spray
Confirm with . or Enter, or press ? or * to list all spells.
You don't have enough magic to cast that spell.
Unknown command.
Unknown command.
Unknown command.
Drink which item? (? for menu, Esc to quit)
Magic courses through your body.
Your mace hits the orc!!
The orc dies!
Dithmenos accepts your kill.
The orc warrior hits you from afar with a trident!
* * * LOW HITPOINT WARNING * * *
You emit a cloud of dark smoke.
The orc sorcerer gestures at you while chanting.
The bolt of fire hits you!
You die...

▓▓▓ ▓▓▓ ▓ ##.############$# ###
#$$ ##..#___#__.#__#$##§$#$$..
.#..#†..#..†#._#$.§o§o..$$
.#..###+#+###+##(§o§§o..∩#
'#..#..........#oo§§§...$#
#...'.⌠........#§##34$##$#
#...#...######'#@# $#$#
....#.⌠.#__#...#§################
....#...#__#...#.§§§≈'.#.'...'.#.
....#+###__#...#.#§§≈#.#.#...##.#
....#.†.#__#...'.#§§§#.#.#...#.#.
....#___#_.+...#.#§.§#...#...##.#
▓▓▓▓▓▓▓▓▓▓▓▓▓▓▓▓▓▓▓▓▓▓▓▓▓▓▓▓▓#.#.
≈♣♣.....♣♣♣♣≈≈≈........≈≈≈...##.#
≈♣♣.≈≈≈≈+♣♣+♣≈≈≈≈≈≈≈≈≈≈≈≈♣♣..+.#.


You could see an orc sorcerer (blind), an orc warrior and a friendly mace.

Vanquished Creatures
  Polyphemus (D)
  Gastronok (D)
  A greater naga (D)
  Maud (D)
  2 dire elephants (D)
  Snorg (D)
  A merfolk javelineer (D)
  2 hydras (D)
  4 anacondas (D)
  A centaur warrior (D)
  4 death yaks (D)
  An unseen horror (D)
  A death drake (D)
  A sea snake (D)
  A spriggan druid (D)
  A lindwurm (D)
  2 elephants (D)
  A guardian serpent (D)
  5 black mambas (D)
  2 spiny frogs (D)
  A deep elf priest (D)
  A queen bee (D)
  A fire drake (D)
  A komodo dragon (D)
  3 wandering mushrooms (D)
  8 blink frogs (D)
  2 spriggans (D)
  3 redbacks (D)
  A shadow (D)
  A spatial vortex (D)
  An orc warrior (D)
  A swamp drake (D)
  3 water moccasins (D)
  A necrophage (D)
  2 centaurs (D)
  An earth elemental (D)
  A water elemental (D)
  2 brain worms (D)
  32 killer bees (D)
  An electric eel (D)
  A wizard (D)
  A jelly (D)
  Crazy Yiuf (D)
  An orc priest (D)
  Jessica (D)
  An orc wizard (D)
  A necromancer (D)
  A kobold demonologist (D)
  3 sheep (D)
  3 humans (D)
  8 adders (D)
  2 oozes (D)
  7 orcs (D)
  A giant gecko (D)
  A rat (D)
  4 plants (D)
138 creatures vanquished.

Vanquished Creatures (collateral kills)
  A naga warrior (D)
  2 nagas (D)
  An orc warrior (D)
  An orc (D)
5 creatures vanquished.

Vanquished Creatures (others)
  A deep elf blademaster (D)
  2 draconian scorchers (D)
  Nessos (D)
  4 ball lightnings (D)
  2 hornets (D)
  A molten gargoyle (D)
  3 yaktaurs (D)
  An anaconda simulacrum (D)
  3 spriggan defenders (D)
  2 orc high priests (D)
  A golden eye (D)
  A hydra simulacrum (D)
  A wasp (D)
  2 orc priests (D)
  6 ballistomycetes (D)
  3 giant spores (D)
  45 plants (D)
79 creatures vanquished.

Grand Total: 222 creatures vanquished

Notes
Turn   | Place    | Note
--------------------------------------------------------------
     0 | D        | Kidiri the Spriggan Enchanter began the quest for the Orb.
     0 | D        | Reached XP level 1. HP: 9/9 MP: 5/5
    11 | D        | Reached skill level 5 in Stealth
    11 | D        | Reached XP level 2. HP: 13/13 MP: 7/7
    16 | D        | Learned a level 2 spell: Ensorcelled Hibernation
    46 | D        | Noticed Jessica
    50 | D        | Killed Jessica
    50 | D        | Reached skill level 1 in Armour
    50 | D        | Reached skill level 6 in Stealth
    50 | D        | Reached XP level 3. HP: 16/16 MP: 7/9
    55 | D        | Learned a level 3 spell: Confuse
    59 | D        | Learned a level 3 spell: Dazzling Spray
    73 | D        | Noticed Crazy Yiuf
   100 | D        | Reached skill level 5 in Dodging
   100 | D        | Reached skill level 1 in Ice Magic
   129 | D        | Killed a yaktaur
   191 | D        | Killed a white draconian scorcher
   203 | D        | Killed a white draconian scorcher
   419 | D        | Killed Crazy Yiuf
   419 | D        | Reached skill level 7 in Stealth
   419 | D        | Reached XP level 4. HP: 21/21 MP: 7/11
   427 | D        | Learned a level 3 spell: Tukima's Dance
   473 | D        | Gained mutation: Your muscles are strong. (Str +2) [potion of mutation]
   473 | D        | Gained mutation: Your flesh is cold resistant. [potion of mutation]
   473 | D        | Gained mutation: You expend magic power (3 MP) to strengthen your wands. [potion of mutation]
   474 | D        | Gained mutation: You are dopey. (Int -2) [potion of mutation]
   474 | D        | Gained mutation: You are surrounded by a mild repulsion field (EV +2). [potion of mutation]
   480 | D        | Noticed a water elemental
   485 | D        | Killed a water elemental
   485 | D        | Reached skill level 8 in Stealth
   485 | D        | Reached skill level 5 in Spellcasting
   485 | D        | Reached skill level 5 in Hexes
   485 | D        | Reached XP level 5. HP: 24/24 MP: 9/14
   530 | D        | Noticed a jelly
   531 | D        | Noticed a shadow
   533 | D        | Killed a shadow
   533 | D        | Reached skill level 5 in Short Blades
   533 | D        | Reached skill level 9 in Stealth
   533 | D        | Reached skill level 1 in Conjurations
   533 | D        | Reached XP level 6. HP: 28/28 MP: 15/17
   539 | D        | Killed a jelly
   584 | D        | Found a stormy altar of Qazlal.
   585 | D        | Found a sacrificial altar of Ru.
   585 | D        | Found a burning altar of Makhleb.
   585 | D        | Found a viscous altar of Jiyva.
   585 | D        | Found a shimmering altar of Xom.
   585 | D        | Found a shadowy altar of Dithmenos.
   585 | D        | Found a sparkling altar of Nemelex Xobeh.
   585 | D        | Found a corrupted altar of Lugonu.
   585 | D        | Found an opulent altar of Gozag.
   585 | D        | Noticed a spatial vortex
   589 | D        | Became a worshipper of Dithmenos the Shadowed
   607 | D        | Killed a spatial vortex
   607 | D        | Reached skill level 10 in Stealth
   607 | D        | Reached skill level 1 in Invocations
   721 | D        | Found a radiant altar of Vehumet.
   722 | D        | Found a deep blue altar of Sif Muna.
   722 | D        | Found an ancient bone altar of Kikubaaqudgha.
   722 | D        | Noticed a wizard
   723 | D        | Killed a wizard
   750 | D        | Learned a level 3 spell: Gell's Gravitas
   755 | D        | Learned a level 4 spell: Force Lance
   764 | D        | Found a glowing silver altar of Zin.
   764 | D        | Killed a yaktaur
   765 | D        | Found a glowing golden altar of the Shining One.
   765 | D        | Found a white marble altar of Elyvilon.
   765 | D        | Noticed a deep elf priest
   767 | D        | Killed a deep elf priest
   767 | D        | Reached skill level 10 in Dodging
   767 | D        | Reached skill level 11 in Stealth
   767 | D        | Reached XP level 7. HP: 32/32 MP: 18/20
   808 | D        | Found an iron altar of Okawaru.
   809 | D        | Found a bloodstained altar of Trog.
   809 | D        | Noticed a human
   809 | D        | Noticed a human
   811 | D        | Killed a human
   812 | D        | Killed a human
   812 | D        | Reached XP level 8. HP: 36/36 MP: 22/22
   835 | D        | Learned a level 5 spell: Phase Shift
   835 | D        | Found a basalt altar of Yredelemnul.
   835 | D        | Found a snail-covered altar of Cheibriados.
   835 | D        | Found a blossoming altar of Fedhas.
   835 | D        | Noticed a necrophage
   835 | D        | Noticed a necromancer
   837 | D        | Killed a necrophage
   837 | D        | Acquired Dithmenos's first power
   838 | D        | Killed a necromancer
   891 | D        | Noticed Snorg
   925 | D        | Killed Snorg
   925 | D        | Reached skill level 12 in Stealth
   925 | D        | Reached skill level 10 in Spellcasting
   925 | D        | Reached skill level 5 in Translocations
  1033 | D        | Noticed an earth elemental
  1036 | D        | Killed an earth elemental
  1036 | D        | Reached skill level 13 in Stealth
  1036 | D        | Reached XP level 9. HP: 39/39 MP: 24/24
  1041 | D        | Noticed a centaur
  1041 | D        | Noticed a centaur warrior
  1041 | D        | Noticed a centaur
  1043 | D        | Killed a centaur
  1045 | D        | Killed a centaur warrior
  1046 | D        | Killed a centaur
  1046 | D        | Acquired Dithmenos's second power
  1064 | D        | Noticed an unseen horror
  1070 | D        | Killed an unseen horror
  1070 | D        | Reached skill level 10 in Short Blades
  1070 | D        | Reached skill level 14 in Stealth
  1070 | D        | Reached skill level 5 in Ice Magic
  1082 | D        | Learned a level 5 spell: Warp Weapon
  1172 | D        | Noticed a killer bee
  1172 | D        | Noticed a queen bee
  1172 | D        | Noticed a killer bee
  1172 | D        | Noticed a killer bee
  1172 | D        | Noticed a killer bee
  1172 | D        | Noticed a killer bee
  1172 | D        | Noticed a killer bee
  1172 | D        | Noticed a killer bee
  1172 | D        | Noticed a killer bee
  1172 | D        | Noticed a killer bee
  1172 | D        | Noticed a killer bee
  1172 | D        | Noticed a killer bee
  1172 | D        | Noticed a killer bee
  1172 | D        | Noticed a killer bee
  1172 | D        | Noticed a killer bee
  1173 | D        | Noticed a killer bee
  1173 | D        | Noticed a killer bee
  1173 | D        | Noticed a killer bee
  1173 | D        | Noticed a killer bee
  1173 | D        | Noticed a killer bee
  1173 | D        | Noticed a killer bee
  1173 | D        | Noticed a killer bee
  1173 | D        | Noticed a killer bee
  1173 | D        | Noticed a killer bee
  1173 | D        | Noticed a killer bee
  1173 | D        | Noticed a killer bee
  1173 | D        | Noticed a killer bee
  1173 | D        | Noticed a killer bee
  1173 | D        | Noticed a killer bee
  1173 | D        | Noticed a killer bee
  1173 | D        | Noticed a killer bee
  1173 | D        | Noticed a killer bee
  1173 | D        | Noticed a killer bee
  1174 | D        | Killed a killer bee
  1175 | D        | Killed a killer bee
  1177 | D        | Killed a queen bee
  1177 | D        | Reached skill level 1 in Charms
  1181 | D        | Killed a killer bee
  1181 | D        | Acquired Dithmenos's third power
  1182 | D        | Killed a killer bee
  1183 | D        | Killed a killer bee
  1184 | D        | Killed a killer bee
  1184 | D        | Reached XP level 10. HP: 29/44 MP: 13/26
  1186 | D        | Killed a killer bee
  1190 | D        | Killed a killer bee
  1192 | D        | Killed a killer bee
  1192 | D        | Acquired Dithmenos's fourth power
  1194 | D        | Killed a killer bee
  1196 | D        | Killed a killer bee
  1198 | D        | Killed a killer bee
  1198 | D        | Reached skill level 5 in Armour
  1200 | D        | Killed a killer bee
  1257 | D        | Killed a yaktaur
  1431 | D        | Killed a killer bee
  1436 | D        | Killed a killer bee
  1439 | D        | Killed a killer bee
  1441 | D        | Killed a killer bee
  1443 | D        | Killed a killer bee
  1446 | D        | Killed a killer bee
  1449 | D        | Killed a killer bee
  1451 | D        | Killed a killer bee
  1455 | D        | Killed a killer bee
  1457 | D        | Killed a killer bee
  1587 | D        | Killed a killer bee
  1591 | D        | Killed a killer bee
  1593 | D        | Killed a killer bee
  1597 | D        | Killed a killer bee
  1600 | D        | Killed a killer bee
  1603 | D        | Killed a killer bee
  1605 | D        | Killed a killer bee
  1724 | D        | Killed a killer bee
  1728 | D        | Killed a killer bee
  1728 | D        | Reached skill level 15 in Stealth
  1876 | D        | Noticed a wandering mushroom
  1877 | D        | Noticed a wandering mushroom
  1877 | D        | Noticed a wandering mushroom
  1878 | D        | Killed a wandering mushroom
  1890 | D        | Killed a wandering mushroom
  2008 | D        | Killed a wandering mushroom
  2086 | D        | Noticed a spiny frog
  2086 | D        | Noticed a komodo dragon
  2086 | D        | Noticed a spiny frog
  2091 | D        | Killed a spiny frog
  2304 | D        | Killed a spiny frog
  2304 | D        | Reached skill level 5 in Conjurations
  2318 | D        | Killed a komodo dragon
  2347 | D        | Noticed a redback
  2349 | D        | Killed a redback
  2350 | D        | Noticed a brain worm
  2353 | D        | Killed a brain worm
  2359 | D        | Noticed a brain worm
  2361 | D        | Killed a brain worm
  2364 | D        | Noticed a lindwurm
  2370 | D        | Killed a lindwurm
  2370 | D        | Reached skill level 5 in Charms
  2395 | D        | Noticed a redback
  2395 | D        | Noticed a redback
  2395 | D        | Noticed Maud
  2402 | D        | Killed a redback
  2405 | D        | Killed a redback
  2407 | D        | Killed Maud
  2407 | D        | Reached skill level 16 in Stealth
  2407 | D        | Reached skill level 10 in Hexes
  2407 | D        | Reached XP level 11. HP: 47/47 MP: 22/29
  2442 | D        | Noticed an electric eel
  2443 | D        | Noticed a seven-headed hydra
  2443 | D        | Noticed an eight-headed hydra
  2444 | D        | Killed an electric eel
  2447 | D        | Killed a seven-headed hydra
  2447 | D        | Reached skill level 15 in Dodging
  2448 | D        | Killed an eight-headed hydra
  2495 | D        | Noticed a death drake
  2498 | D        | Killed a death drake
  2505 | D        | Found a blossoming altar of Fedhas.
  2505 | D        | Noticed a spriggan
  2505 | D        | Noticed a spriggan druid
  2505 | D        | Noticed a spriggan
  2507 | D        | Killed a spriggan druid
  2507 | D        | Reached skill level 17 in Stealth
  2508 | D        | Killed a spriggan
  2509 | D        | Killed a spriggan
  2533 | D        | Noticed Polyphemus
  2534 | D        | Noticed Ilsuiw
  2535 | D        | Killed Polyphemus
  2535 | D        | Reached skill level 10 in Translocations
  2645 | D        | Killed a spriggan defender
  2648 | D        | Killed an orc high priest
  2649 | D        | Killed a spriggan defender
  2653 | D        | Killed an orc priest
  2684 | D        | Killed an orc priest
  2706 | D        | Killed an orc high priest
  2912 | D        | Found Poquly's Food Emporium.
  2912 | D        | Noticed a sea snake
  2913 | D        | Found Toregev's Antique Weapon Shop.
  2914 | D        | Killed a sea snake
  2915 | D        | Found Allif's Jewellery Shoppe.
  2916 | D        | Noticed a merfolk javelineer
  2918 | D        | Killed a merfolk javelineer
  2936 | D        | Got a barnacled rune of Zot
  3018 | D        | Noticed a swamp drake
  3018 | D        | Noticed a fire drake
  3019 | D        | Killed a fire drake
  3021 | D        | Killed a swamp drake
  3029 | D        | Noticed a blink frog
  3029 | D        | Noticed a blink frog
  3029 | D        | Noticed a blink frog
  3030 | D        | Noticed a blink frog
  3030 | D        | Noticed a blink frog
  3031 | D        | Killed a blink frog
  3032 | D        | Killed a blink frog
  3034 | D        | Killed a blink frog
  3037 | D        | Killed a blink frog
  3037 | D        | Reached XP level 12. HP: 51/51 MP: 23/31
  3038 | D        | Killed a blink frog
  3038 | D        | Reached skill level 18 in Stealth
  3076 | D        | Noticed Rupert
  3081 | D        | Banished Rupert
  3127 | D        | Noticed a death yak
  3128 | D        | Noticed a death yak
  3128 | D        | Noticed a blink frog
  3131 | D        | Noticed a death yak
  3132 | D        | Noticed a blink frog
  3133 | D        | Noticed a blink frog
  3133 | D        | Noticed a death yak
  3136 | D        | Killed a death yak
  3138 | D        | Killed a blink frog
  3155 | D        | Killed a death yak
  3193 | D        | Killed a hornet
  3288 | D        | Killed a deep elf blademaster
  3304 | D        | Killed a blink frog
  3308 | D        | Noticed a black mamba
  3309 | D        | Noticed a black mamba
  3313 | D        | Killed a black mamba
  3323 | D        | Killed a death yak
  3327 | D        | Killed a black mamba
  3333 | D        | Killed a death yak
  3333 | D        | Reached skill level 15 in Spellcasting
  3352 | D        | Noticed an azure jelly
  3352 | D        | Noticed an azure jelly
  3355 | D        | Killed Nessos
  3358 | D        | Killed a blink frog
  3468 | D        | Noticed an anaconda
  3468 | D        | Noticed a black mamba
  3468 | D        | Noticed a water moccasin
  3478 | D        | Killed an anaconda
  3504 | D        | Killed a black mamba
  3507 | D        | Killed a water moccasin
  3563 | D        | Noticed a water moccasin
  3563 | D        | Noticed a black mamba
  3564 | D        | Killed a black mamba
  3564 | D        | Reached skill level 19 in Stealth
  3565 | D        | Noticed a water moccasin
  3568 | D        | Killed a water moccasin
  3571 | D        | Noticed an anaconda
  3571 | D        | Noticed an anaconda
  3571 | D        | Noticed an anaconda
  3572 | D        | Killed an anaconda
  3573 | D        | Killed a water moccasin
  3578 | D        | Killed an anaconda
  3578 | D        | Reached skill level 10 in Charms
  3580 | D        | Noticed a black mamba
  3583 | D        | Killed an anaconda
  3584 | D        | Killed a black mamba
  3677 | D        | Noticed a naga
  3677 | D        | Noticed a naga
  3678 | D        | Noticed a naga warrior
  3678 | D        | Noticed a greater naga
  3678 | D        | Found Zotagge's Distillery.
  3678 | D        | Found Kaka's Book Emporium.
  3678 | D        | Found Gitod's Antique Armour Shop.
  3684 | D        | Killed a naga
  3690 | D        | Killed a naga
  3694 | D        | Killed a naga warrior
  3706 | D        | Killed a greater naga
  3792 | D        | Killed a wasp
  3847 | D        | Killed a ball lightning
  3847 | D        | Killed an eight-headed hydra simulacrum
  3847 | D        | Killed a ball lightning
  3847 | D        | Killed a ball lightning
  3847 | D        | Killed a molten gargoyle
  3847 | D        | Killed an anaconda simulacrum
  3847 | D        | Killed a ball lightning
  3847 | D        | Killed a hornet
  3894 | D        | Noticed a guardian serpent
  3900 | D        | Killed a guardian serpent
  3908 | D        | Got a serpentine rune of Zot
  3955 | D        | Killed a spriggan defender
  3984 | D        | Noticed an azure jelly
  3984 | D        | Noticed an azure jelly
  3985 | D        | Noticed an elephant
  3985 | D        | Noticed an elephant
  3985 | D        | Noticed a dire elephant
  3985 | D        | Noticed a dire elephant
  3985 | D        | Noticed Gastronok
  4006 | D        | Killed an elephant
  4006 | D        | Reached XP level 13. HP: 55/55 MP: 17/33
  4042 | D        | Killed a dire elephant
  4053 | D        | Killed an elephant
  4077 | D        | Killed a dire elephant
  4113 | D        | Killed Gastronok
  4113 | D        | Reached skill level 20 in Stealth
  4300 | D        | Killed a golden eye
  4473 | D        | Noticed an orc wizard
  4474 | D        | Noticed an orc warrior
  4474 | D        | Noticed an orc sorcerer
  4474 | D        | Noticed an orc warrior
  4474 | D        | Noticed an orc priest
  4474 | D        | Noticed an orc warrior
  4474 | D        | Noticed an orc warrior
  4474 | D        | Found Sisapt's Book Emporium.
  4475 | D        | Killed an orc priest
  4478 | D        | Killed an orc wizard
  4478 | D        | Killed an orc warrior
  4490 | D        | Killed an orc warrior
  4491 | D        | Killed from afar by an orc sorcerer

Vault maps used:
D:        dungeon_sprint_mu

Action                   |  1- 3 |  4- 6 |  7- 9 | 10-12 | 13-15 || total
-------------------------+-------+-------+-------+-------+-------++-------
Melee: Dagger            |     3 |     1 |    21 |   181 |    98 ||   304
       Short sword       |    12 |    16 |       |       |       ||    28
 Cast: Ensorcelled Hiber |     3 |     4 |     1 |    65 |     2 ||    75
       Corona            |     1 |       |       |       |       ||     1
       Dazzling Spray    |       |     6 |     5 |    46 |    27 ||    84
       Gell's Gravitas   |       |       |     2 |     1 |       ||     3
       Confuse           |       |       |       |     2 |     2 ||     4
       Warp Weapon       |       |       |       |     2 |       ||     2
       Tukima's Dance    |       |       |       |     4 |     1 ||     5
       Phase Shift       |       |       |       |     1 |       ||     1
Invok: Shadow Step       |       |       |       |    16 |     1 ||    17
  Use: Scroll            |       |     3 |       |       |       ||     3
       Potion            |       |     3 |       |     2 |     2 ||     7
 Stab: Sleeping          |     6 |     6 |    13 |    77 |     1 ||   103
       Invisible         |       |       |     1 |     6 |     3 ||    10
  Eat: Bread ration      |       |       |       |     1 |       ||     1
